 Dungeon Crawl Stone Soup version 0.24.0-37-gcf1ca852f1 (webtiles) character file.

Game seed: 12276711668151442960, levelgen mode: deterministic

202 Descartes the Grasshopper (level 5, -16/24 HPs)
             Began as a Felid Warper on Nov 27, 2019.
             Demolished by demivan's ghost (20 damage)
             ... on level 4 of the Dungeon.
             The game lasted 00:17:46 (6392 turns).

Descartes the Grasshopper (Felid Warper)            Turns: 6392, Time: 00:17:48

Health: -16/24     AC:  2    Str:  9    XL:     5   Next: 50%
Magic:  9/10       EV: 19    Int: 15    God:
Gold:   188        SH:  6    Dex: 15    Spells: 6/10 levels left
                                        Lives:  0   Deaths: 1

rFire    . . .     SeeInvis +     - Unarmed
rCold    . . .     Gourm    .   (shield unavailable)
rNeg     . . .     Faith    .   (armour unavailable)
rPois    .         Spirit   .   (helmet unavailable)
rElec    .         Reflect  +   (cloak unavailable)
rCorr    .         Harm     .   (gloves unavailable)
MR       .....                  (boots unavailable)
Stlth    +++.......             n - +6 amulet of reflection
HPRegen  0.08/turn              (no ring)
MPRegen  0.12/turn              (no ring)

@: quick
A: very small, no armour, no weapons or thrown items, stealth, claws 1, fangs 3,
see invisible, carnivore, speed 1, shaggy fur 2, slow metabolism 1, sharp paws
a: no special abilities


You were on level 4 of the Dungeon.
You were not hungry.

You visited 1 branch of the dungeon, and saw 4 of its levels.

You collected 188 gold pieces.

Inventory:

Missiles
 h - 72 stones
 i - 33 arrows
Jewellery
 n - a +6 amulet of reflection (around neck)
Scrolls
 b - a scroll of blinking
 e - 5 scrolls of teleportation
 g - 3 scrolls of remove curse
 j - a scroll of immolation
 o - 3 scrolls of identify
Potions
 a - 2 potions of heal wounds {unknown}
 d - 5 potions of curing
 f - a potion of ambrosia {unknown}
 k - a potion of magic {unknown}
 l - a potion of agility
 p - a potion of cancellation {unknown}
 q - a potion of might {unknown}
 r - a potion of lignification {unknown}
Comestibles
 c - 8 rations


   Skills:
 + Level 3.2 Fighting
 + Level 4.5 Dodging
 + Level 3.0 Stealth
 * Level 4.0 Unarmed Combat
 + Level 3.0 Spellcasting
 - Level 2.0 Charms
 - Level 5.0 Translocations


You had 6 spell levels left.
You knew the following spells:

 Your Spells              Type           Power        Failure   Level  Hunger
a - Blink                 Tloc           N/A          3%          2    ##.....
b - Shroud of Golubria    Chrm/Tloc      ##....       7%          2    ##.....

Your spell library contained the following spells:

 Spells                   Type           Power        Failure   Level  Hunger
 Gell's Gravitas          Tloc           ###.......   8%          3    ###....
 Lesser Beckoning         Tloc           ###.......   8%          3    ###....
 Teleport Other           Tloc           ###.....     8%          3    ###....
 Passage of Golubria      Tloc           N/A          26%         4    #####..


Dungeon Overview and Level Annotations

Branches:
Dungeon (4/15)
 Temple: D:4-7

Altars:
Elyvilon
Zin

Annotations:
D:4 1 runed translucent door, demivan's ghost, amateur MiFi


Innate Abilities, Weirdness & Mutations

You cannot wear armour.
You are incapable of wielding weapons or throwing items.
Your paws allow you to move quietly. (Stealth)
You have sharp claws.
You have razor-sharp teeth.
You have supernaturally acute eyesight. (SInv)
You are carnivorous and can eat meat at any time.
You cover ground quickly.
You are covered in thick fur. (AC +2)
You have a slow metabolism.
Your sharp claws are effective at attacking unaware monsters.


Message History

Your shroud bends demivan's ghost's attack away.
You scratch demivan's ghost. Your claw misses demivan's ghost.
You bite demivan's ghost, but do no damage.
Demivan's ghost is lightly damaged.
Demivan's ghost hits you!
* * * LOW HITPOINT WARNING * * *
You scratch demivan's ghost but do no damage.
Demivan's ghost is lightly damaged.
Demivan's ghost hits you.
* * * LOW HITPOINT WARNING * * *
You scratch demivan's ghost. You bite demivan's ghost.
Demivan's ghost is lightly damaged.
Your shroud bends demivan's ghost's attack away!
You scratch demivan's ghost but do no damage.
You bite demivan's ghost, but do no damage.
Demivan's ghost is lightly damaged.
Your shroud unravels.
Demivan's ghost hits you!!
Ouch! That really hurt!
You die...

.###....##.#.....# #.#..........
........##.#.....# #.#....).....
........##.#...>.# #.#..........
.##.....##.#.....# #.#..........
.##........#.....####.#..........
............................r....
.#####..####.....####...........#
.# ##.# #####.# #############
#######.## #@# .....##..# #W#
.....###.## #.# ############
.....# #..# #.# ##.#≈≈≈≈≈≈≈≈≈
...).# ##.# #.# #..'≈≈≈≈)≈≈≈≈
.....# #.# #.# #..#≈≈≈≈≈w≈≈≈
.....# #.## #.# #.###########
.....# #..# #.# #..........#
.....# ##.# #.# #..........#


You could see demivan's ghost.

Vanquished Creatures
  A bullfrog (D:4)
  A howler monkey (D:4)
  A hound (D:4)
  An orc wizard (D:3)
  A worker ant (D:4)
  A hound skeleton (D:4)
  7 adders
  A river rat (D:4)
  An ooze (D:1)
  5 worms
  3 dart slugs
  3 leopard geckos
  7 orcs
  7 giant cockroaches
  6 goblins
  6 hobgoblins
  4 jackals (D:4)
  3 quokkas
  5 ball pythons
  9 bats
  6 frilled lizards
  2 kobolds (D:1)
  7 rats
88 creatures vanquished.

Notes
Turn   | Place    | Note
-------+----------+-------------------------------------------
     0 | D:1      | Descartes the Felid Warper began the quest for the Orb.
     0 | D:1      | Reached XP level 1. HP: 9/9 MP: 4/4
   407 | D:1      | Reached XP level 2. HP: 13/13 MP: 6/6
   454 | D:1      | Learned a level 2 spell: Blink
   457 | D:1      | Learned a level 2 spell: Shroud of Golubria
   802 | D:1      | Reached skill level 1 in Stealth
  1096 | D:2      | Reached XP level 3. HP: 9/16 MP: 5/7
  2386 | D:2      | Found a glowing silver altar of Zin.
  2388 | D:2      | Found a white marble altar of Elyvilon.
  2710 | D:2      | Reached skill level 1 in Charms
  2777 | D:2      | Reached XP level 4. HP: 14/20 MP: 8/8
  4263 | D:3      | Reached XP level 5. HP: 21/23 MP: 7/9
  5257 | D:4      | Reached skill level 5 in Translocations
  5397 | D:4      | Found a runed translucent door.
  5397 | D:4      | Noticed demivan's ghost (amateur MiFi)
  5660 | D:4      | Found a glowing silver altar of Zin.
  5662 | D:4      | Found a runed translucent door.
  5662 | D:4      | Noticed an angel
  5740 | D:4      | Gained mutation: You are covered in thick fur. (AC +2)
                  | [Felid growth]
  5740 | D:4      | Reached XP level 6. HP: 23/28 MP: 11/11
  6084 | D:4      | Found a runed translucent door.
  6202 | D:4      | Killed from afar by an orc wizard
  6203 | D:4      | Reached XP level 5. HP: -4/24 MP: 10/10
  6392 | D:4      | Demolished by demivan's ghost

Levels and vault maps discovered:
D:1:      dpeg_arrival_another_circle, layout_basic
D:2:      layout_rooms, gammafunk_temple_overflow_pools
D:3:      layout_basic, first_ration, chequers_garden, serial_bayou_crossing
D:4:      layout_basic, ebering_ghost_sewer_f, cheibrodos_sewer_entry_bend,
          lemuel_angel_altar

Skill      XL: |  1  2  3  4  5  6 |
---------------+-------------------+-----
Stealth        | 1 2 3 |  3.0
Charms         | 1 2 |  2.0
Unarmed Combat | 3 4 |  4.0
Dodging        | 4 |  4.5
Translocations | 5 |  5.0
Fighting       | 3 |  3.2
Spellcasting   | 3 |  3.0

Action                   |  1- 3 |  4- 6 || total
-------------------------+-------+-------++-------
Melee: Unarmed           |   138 |   254 ||   392
       Bite              |    18 |    28 ||    46
       Punch             |     1 |     3 ||     4
 Cast: Shroud of Golubri |    15 |    30 ||    45
       Blink             |     1 |     1 ||     2
  Use: Scroll            |       |     6 ||     6
       Potion            |       |     1 ||     1
 Stab: Sleeping          |     6 |     9 ||    15
  Eat: Chunk             |    10 |    10 ||    20
Armor: Skin              |    10 |     8 ||    18
Dodge: Dodged            |   133 |   182 ||   315
Block: Other             |       |     8 ||     8
